 Dungeon Crawl Stone Soup version 0.31-a0-149-g3fdcc5976a (webtiles) character file.

Game seed: 7638051795805104391

235 qw the Shooter (level 5, -3/46 HPs)
             Began as a Minotaur Hunter on June 7, 2023.
             Slain by a gnoll
             ... wielding a +0 halberd
             ... led by a gnoll bouda
              (4 damage)
             ... on level 4 of the Dungeon.
             The game lasted 00:00:59 (2470 turns).

qw the Shooter (Minotaur Hunter)                    Turns: 2470, Time: 00:01:00

Health: -3/46      AC:  7    Str: 15    XL:     5   Next: 76%
Magic:  4/4        EV: 11    Int:  6    God:
Gold:   222        SH:  0    Dex: 16    Spells: 4/4 levels left

rFire   . . .        Y - +0 shortbow
rCold   . . .        (shield currently unavailable)
rNeg    . . .        j - +0 ring mail
rPois   .            (helmet restricted)
rElec   .            g - +0 cloak
rCorr   .            (no gloves)
SInv    +            i - +0 pair of boots
Will    .....        (no amulet)
Stlth   +            b - +4 ring of slaying {mikee}
HPRegen 0.27/turn    l - ring of see invisible
MPRegen 0.09/turn

%: no passive effects
@: no status effects
A: horns 2, retaliatory headbutt
a: no special abilities


You were on level 4 of the Dungeon.
You visited 1 branch of the dungeon, and saw 4 of its levels.
You also visited: Sewer.

You collected 222 gold pieces.


Innate Abilities, Weirdness & Mutations

You have a pair of horns on your head.
You reflexively headbutt those who attack you in melee.


   Skills:
 - Level 4.0 Fighting
 - Level 7.0 Ranged Weapons
 + Level 1.3 Armour
 - Level 2.1 Dodging
 - Level 0.7 Stealth


You had 4 spell levels left.
You didn't know any spells.
Your spell library was empty.

Inventory:

Hand Weapons
 c - a +1 sling of flaming
 Y - a +0 shortbow (weapon)
Armour
 g - a +0 cloak (worn)
 i - a +0 pair of boots (worn)
 j - a +0 ring mail (worn)
 m - a scarf of invisibility
Jewellery
 b - a +4 ring of slaying (left hand) {mikee}
 l - a ring of see invisible (right hand)
Scrolls
 a - a scroll of identify
Potions
 d - a potion of ambrosia {unknown}
 e - a potion of might {unknown}
 f - 3 potions of curing {unknown}
 h - 2 potions of resistance
 k - a potion of cancellation {unknown}

Dungeon Overview and Level Annotations

Branches:
Dungeon (4/15)              Sewer (visited)
 Temple: D:4-7

Altars:


Message History

You shoot an arrow. The arrow hits the gnoll!
You kill the gnoll!
The gnoll bouda gazes fiercely through you!
You feel your attacks grow feeble. The gnoll hits you but does no damage.
You shoot an arrow. The arrow hits the gnoll.
The gnoll is lightly wounded.
The gnoll hits you from afar with a +0 spear.
The gnoll hits you but does no damage.
You shoot an arrow. The arrow hits the gnoll!
The gnoll is heavily wounded.
The gnoll hits you from afar with a +0 spear.
The gnoll hits you from afar with a +0 halberd!
The gnoll hits you from afar with a +0 spear!
You shoot an arrow. The arrow completely misses the gnoll.
The arrow barely misses the adder.
The gnoll hits you but does no damage. The gnoll misses you.
The gnoll hits you from afar with a +0 spear.
You shoot an arrow. The arrow hits the gnoll!
You kill the gnoll!
The gnoll hits you from afar with a +0 halberd!
Your Ranged Weapons skill increases to level 7!
You shoot an arrow. The arrow hits the adder!
You kill the adder!
Your attacks no longer feel as feeble.
The gnoll barely misses you.
The gnoll hits you from afar with a +0 spear.
The gnoll closely misses you.
You shoot an arrow. The arrow hits the gnoll bouda.
The gnoll bouda is moderately wounded.
The gnoll bouda closely misses you. You furiously retaliate!
You headbutt the gnoll bouda! The gnoll hits you but does no damage.
The gnoll hits you from afar with a +0 halberd.
The gnoll bouda mumbles some strange prayers to its god.
The gnoll bouda is healed somewhat.
You shoot an arrow. The arrow hits the gnoll bouda.
The gnoll bouda is almost dead.
The gnoll hits you but does no damage.
The gnoll hits you from afar with a +0 halberd.
You die...

###.))###~~~~~~###...#
#..........~~......#).
#...........~~.....#..
.
#.......%~....~.......
#......~..~~..~......#
#......~....~~........
#.......~~}.....)...##
##.......}~~....g.....
##...~~....~.@g.....#
#..~..~~..~...g....#
#..~....~~......##.#
#...~~............
#....~~........####
.###~~~~~~###.#
##~~~~## ## #####


You could see a gnoll bouda and 2 gnolls.

Vanquished Creatures
  A hound (D:4)
  An orc priest (D:3)
  An orc wizard (D:4)
  2 gnolls (D:4)
  6 adders
  2 worms
  A dart slug (D:1)
  4 orcs (D:3)
  7 ball pythons
  2 bats (D:2)
  4 endoplasms
  3 giant cockroaches
  3 goblins
  5 hobgoblins
  5 jackals
  7 kobolds
  6 quokkas
  2 frilled lizards
  7 rats
69 creatures vanquished.

Notes
Turn   | Place    | Note
-------+----------+-------------------------------------------
     0 | D:1      | qw the Minotaur Hunter began the quest for the Orb.
     0 | D:1      | Reached XP level 1. HP: 18/18 MP: 0/0
     0 | D:1      | 0 ||| qw: Version: 0.2-a-117-gc6b5c8b
     0 | D:1      | 0 ||| qw: Game counter: 2676
     0 | D:1      | 0 ||| qw: Always use a shield: true
     0 | D:1      | 0 ||| qw: God list: Okawaru
     0 | D:1      | 0 ||| qw: Allow faded altars: false
     0 | D:1      | 0 ||| qw: Do Orc after D:15 true
     0 | D:1      | 0 ||| qw: Do second Lair branch before Depths: true
     0 | D:1      | 0 ||| qw: Lair rune preference: random
     0 | D:1      | 0 ||| qw: Plans: Normal
     0 | D:1      | 0 ||| PLANNING D:1-11
   145 | D:1      | Reached XP level 2. HP: 25/25 MP: 1/1
   239 | D:1      | Reached skill level 5 in Ranged Weapons
   444 | D:1      | Reached skill level 3 in Fighting
   511 | D:1      | 511 ||| READING 2 scrolls labelled FUNNUH PERR.
   512 | D:1      | 512 ||| READING scroll labelled ULUCULO QAZXINT.
   513 | D:1      | 513 ||| DROPPING scroll of butterflies.
   558 | D:2      | Reached XP level 3. HP: 31/31 MP: 2/2
  1126 | D:2      | 1126 ||| UPGRADING to +0 pair of boots.
  1131 | D:2      | 1131 ||| UPGRADING to +0 ring mail.
  1141 | D:2      | 1141 ||| DROPPING +0 leather armour.
  1142 | D:2      | 1142 ||| UPGRADING to +4 ring of slaying {mikee}.
  1143 | D:2      | 1143 ||| DRINKING 3 smoky clear potions.
  1144 | D:2      | 1144 ||| DRINKING 2 fizzy orange potions.
  1162 | D:3      | 1162 ||| PLANNING SEWER
  1369 | D:3      | 1369 ||| FLEEEEING.
  1370 | D:3      | 1370 ||| FLEEEEING.
  1371 | D:3      | 1371 ||| FLEEEEING.
  1372 | D:3      | 1372 ||| FLEEEEING.
  1373 | D:3      | 1373 ||| FLEEEEING.
  1374 | D:3      | 1374 ||| FLEEEEING.
  1375 | D:3      | 1375 ||| FLEEEEING.
  1382 | D:3      | Reached skill level 1 in Armour
  1424 | D:3      | Reached skill level 6 in Ranged Weapons
  1424 | D:3      | Reached XP level 4. HP: 38/38 MP: 3/3
  1592 | D:3      | Found a glowing drain.
  1593 | D:3      | 1593 ||| UPGRADING to ring of see invisible.
  1594 | D:3      | 1594 ||| READING scroll labelled ESHIG YDIGERO.
  1595 | D:3      | 1595 ||| READING scroll labelled TIONIGG IVVINO.
  1599 | Sewer    | Entered a sewer
  1658 | Sewer    | Noticed a kobold brigand
  1664 | Sewer    | HP: 10/40 [asphyx]
  1665 | Sewer    | 1665 ||| DRINKING 2 potions of heal wounds.
  1669 | Sewer    | 1669 ||| DRINKING potion of heal wounds.
  1736 | D:3      | 1736 ||| PLANNING D:1-11
  2122 | D:3      | Reached XP level 5. HP: 46/46 MP: 4/4
  2236 | D:3      | 2236 ||| UPGRADING to +0 cloak.
  2241 | D:3      | 2241 ||| READING 2 scrolls of identify.
  2241 | D:3      | 2241 ||| IDENTIFYING sedimented green potion
  2242 | D:3      | 2242 ||| DROPPING potion of lignification.
  2467 | D:4      | HP: 6/46 [gnoll/+0 halberd[a gnoll bouda] (9)]
  2468 | D:4      | Reached skill level 7 in Ranged Weapons
  2469 | D:4      | HP: 1/46 [gnoll/+0 halberd[a gnoll bouda] (5)]
  2470 | D:4      | Slain by a gnoll

Levels and vault maps discovered:
D:1:      minmay_arrival_nine_rooms, layout_basic
D:2:      layout_rooms, nrook_mini_backslash, grunt_ministairs_5
D:3:      layout_basic, gup_sewer_entry_bowl, patterned_corridor
D:4:      cheibrodos_helix_gallery, layout_basic, marbit_many_paths

Skill      XL: |  1  2  3  4  5 |
---------------+----------------+-----
Ranged Weapons | 5 6 7 |  7.0
Fighting       | 3 4 |  4.0
Armour         | 1 |  1.3
Dodging        | |  2.1
Stealth        | |  0.7

Action                     |  1- 3 |  4- 6 || total
---------------------------+-------+-------++-------
   Fire: Shortbow          |   104 |    89 ||   193
    Use: Scroll            |     2 |     3 ||     5
         Potion            |     2 |     2 ||     4
 Armour: Leather armour    |    15 |       ||    15
         Ring mail         |       |    15 ||    15
  Dodge: Dodged            |    25 |    25 ||    50

Table legend:
 A = Non-vault XP
 B = Vault XP
 C = Vault XP percentage of total XP
 D = Non-vault monster count
 E = Vault monster count
 F = Vault count percentage of total count
                 A         B        C        D         E       F
            +---------+---------+-------+---------+---------+-------
      Total |     278 |      59 |  17.5 |      52 |      17 |  24.6
            +---------+---------+-------+---------+---------+-------
        D:1 |      29 |       0 |   0.0 |      14 |       0 |   0.0
        D:2 |      41 |       3 |   6.8 |      16 |       2 |  11.1
        D:3 |     104 |       6 |   5.5 |      14 |       3 |  17.6
        D:4 |     104 |      37 |  26.2 |       8 |       2 |  20.0
      Sewer |       0 |      13 | 100.0 |       0 |      10 | 100.0
            +---------+---------+-------+---------+---------+-------
